 Dungeon Crawl Stone Soup version 0.27-a0-1591-gc56fcc985a (webtiles) character file.

Game seed: 2938489140354999647

77791 night the Eclecticist (level 15, -2/91 HPs)
             Began as a Deep Elf Conjurer on July 16, 2021.
             Was an Initiate of Gozag.
             Slain by Jorgrun (12 damage)
             ... on level 14 of the Dungeon on July 19, 2021.
             The game lasted 01:15:45 (30925 turns).

night the Eclecticist (Deep Elf Conjurer)          Turns: 30925, Time: 01:15:46

Health: -2/91      AC:  8    Str:  4    XL:     15   Next: 16%
Magic:  39/39      EV: 13    Int: 30    God:    Gozag
Gold:   5459       SH:  5    Dex: 13    Spells: 31/50 levels left

rFire    . . .     SeeInvis .   R - +2 scimitar
rCold    . . .     Faith    .   U - +0 buckler
rNeg     . . .     Spirit   .   Q - +2 robe {Archmagi}
rPois    .         Reflect  .   j - +2 helmet
rElec    .         Harm     .   b - +0 cloak
rCorr    .         Rampage  .   (no gloves)
Will     +....     Archmagi +   (no boots)
Stlth    ++........             E - amulet of magic regeneration
HPRegen  0.25/turn              G - +4 ring of slaying
MPRegen  0.51/turn              F - +4 ring of evasion

@: grasped by roots, constricted
A: no striking features
a: Renounce Religion, Potion Petition, Call Merchant, Bribe Branch


You were on level 14 of the Dungeon.
You worshipped Gozag.
Gozag was greatly pleased with you.
You visited 3 branches of the dungeon, and saw 21 of its levels.
You also visited: Ice Cave.

You collected 6137 gold pieces.
You spent 210 gold pieces at shops.
You paid 468 gold pieces to Gozag.

Inventory:

Hand Weapons
 e - a +0 fustibalus of freezing
 n - a +1 broad axe of freezing
 R - a +2 scimitar (weapon)
Missiles
 c - 4 throwing nets
 g - 50 sling bullets
 k - 678 stones
 t - 20 boomerangs
 v - 63 poisoned darts
 C - 8 atropa-tipped darts
 I - 17 curare-tipped darts
 J - 10 javelins
 N - 6 boomerangs of dispersal
 W - 3 silver javelins
Armour
 b - a +0 cloak (worn)
 j - a +2 helmet (worn)
 q - a +1 leather armour of resistance
 Q - a +2 robe of the Archmagi (worn)
 U - a +0 buckler (worn)
Jewellery
 a - a ring of positive energy
 d - a ring of poison resistance
 E - an amulet of magic regeneration (around neck)
 F - a +4 ring of evasion (right hand)
 G - a +4 ring of slaying (left hand)
 L - an amulet of the acrobat
 P - a ring of ice
 T - an amulet of regeneration
Wands
 i - a wand of polymorph (7)
 r - a wand of flame (60)
 u - a wand of acid (19)
 y - a wand of digging (1)
 O - a wand of charming (5)
 V - a wand of mindburst (11)
Scrolls
 f - 2 scrolls of fear
 h - 2 scrolls of identify
 s - 2 scrolls of amnesia
 x - 2 scrolls of enchant armour
 A - 2 scrolls of brand weapon
 K - 3 scrolls of teleportation
 Z - a scroll of blinking
Potions
 l - 5 potions of lignification
 m - 2 potions of curing
 o - a potion of haste
 p - 3 potions of mutation
 w - 3 potions of flight
 z - 7 potions of brilliance
 B - a potion of invisibility
 D - 3 potions of heal wounds
 H - 3 potions of might
 M - 3 potions of attraction
 S - 2 potions of magic
 X - 2 potions of berserk rage
 Y - 7 potions of ambrosia


   Skills:
 + Level 9.5 Fighting
 - Level 2.4 Dodging
 - Level 2.4 Stealth
 - Level 4.0 Shields
 + Level 18.0 Spellcasting
 * Level 16.9 Conjurations
 - Level 5.0 Hexes
 + Level 12.0 Earth Magic


You had 31 spell levels left.
You knew the following spells:

 Your Spells              Type           Power      Damage    Failure   Level
a - Magic Dart            Conj           100%       1d8       0%          1
b - Searing Ray           Conj           100%       3d7       0%          2
c - Stone Arrow           Conj/Erth      100%       3d13      0%          3
d - Iskenderun's Mystic   Conj/Tloc      86%        2d17      1%          4
e - Fulminant Prism       Conj/Hex       47%        3d21      1%          4
f - Bolt of Magma         Conj/Fire/Erth 45%        4d19      1%          5

Your spell library contained the following spells:

 Spells                   Type           Power      Damage    Failure   Level
 Foxfire                  Conj/Fire      100%       2x1d9     1%          1
 Freeze                   Ice            100%       1d11      1%          1
 Passwall                 Tmut/Erth      63%        N/A       1%          2
 Slow                     Hex            71%        N/A       1%          2
 Confusing Touch          Hex            71%        N/A       1%          3
 Conjure Flame            Conj/Fire      86%        6-21      1%          3
 Dazzling Flash           Conj/Hex       100%       N/A       1%          3
 Inner Flame              Hex/Fire       58%        N/A       1%          3
 Tukima's Dance           Hex            71%        N/A       1%          3
 Hailstorm                Conj/Ice       86%        3d17      1%          4
 Leda's Liquefaction      Hex/Erth       43%        N/A       1%          4
 Lee's Rapid Deconstruct  Erth           49%        3d24*     1%          5
 Lightning Bolt           Conj/Air       43%        1d62      1%          5
 Corpse Rot               Necr/Air       N/A        N/A       2%          2
 Frozen Ramparts          Ice            80%        1d10      4%          3
 Ozocubu's Armour         Ice            40%        N/A       4%          3
 Swiftness                Air            40%        N/A       4%          3
 Freezing Cloud           Conj/Ice/Air   37%        6-21      4%          5
 Dispel Undead            Necr           40%        3d16      16%         4
 Ice Form                 Ice/Tmut       40%        N/A       16%         4
 Silence                  Hex/Air        29%        N/A       16%         5
 Yara's Violent Unravell  Hex/Tmut       29%        3d12      16%         5
 Invisibility             Hex            35%        N/A       30%         6
 Agony                    Necr           40%        N/A       38%         5
 Death Channel            Necr           20%        N/A       93%         6
 Simulacrum               Ice/Necr       20%        N/A       93%         6
 Ozocubu's Refrigeration  Ice            20%        4d9       100%        7
 Chain Lightning          Conj/Air       43%        3d57      100%        9
 Polar Vortex             Ice            20%        N/A       100%        9
 Shatter                  Erth           49%        3d38*     100%        9


Dungeon Overview and Level Annotations

Branches:
Dungeon (14/15)            Temple (1/1) D:5            Lair (6/6) D:10
  Swamp (0/4) Lair:2       Spider (0/4) Lair:2        Slime (0/5) Lair:5
    Orc (0/2) D:11         Vaults (0/5) D:13          IceCv (visited)

Altars:
Ashenzari
Cheibriados
Dithmenos
Elyvilon
Fedhas
Gozag
Hepliaklqana
Kikubaaqudgha
Makhleb
Nemelex Xobeh
Okawaru
Qazlal
Ru
Sif Muna
Trog
Uskayaw
Vehumet
Wu Jian
Xom
Yredelemnul
Zin
The Shining One
Beogh

Shops:
D:11 [!

Annotations:
D:14 2 runed translucent doors, Bebiodoess's ghost, journeyman DsBe; Jorgrun
Lair:2 2 transporters, Siem's ghost, journeyman OpCj
Lair:5 2 transporters, PeterLawrence's ghost, journeyman MiFi
Lair:6 exclusion: 4 oklob plants


Message History

The grasping roots constrict you.
You escape the roots' grasp.
Jorgrun points at the rock wall and mumbles some strange words.
Some rock shatters into small pieces.
You hear a grinding noise.
Your surroundings seem slightly different.
A skeletal warrior comes into view. It is wielding a +0 dire flail.
You hear a grinding noise.
Blink to where?
Press: ? - help, Dir - move target
As you read the scroll of blinking, it crumbles to dust.
You hear a grinding noise. x2
You hear a grinding noise.
You hear a grinding noise.
There is an open door here.
Some rock shatters into small pieces.
Bebiodoess's ghost turns its malevolent gaze towards you.
Bebiodoess's ghost says very slowly, "There's no hope."
Jorgrun gestures at you while chanting.
Roots burst forth from the earth!
The grasping roots grab you!
* * * LOW HITPOINT WARNING * * *
The grasping roots constrict you!
* * * LOW HITPOINT WARNING * * *
The grasping roots constrict you.
Blink to where?
Press: ? - help, Dir - move target You escape the roots' grasp.
As you read the scroll of blinking, it crumbles to dust.
The storm dragon roars deafeningly!
The lich shouts!
You hear a deafening roar!
There is an open door here.
You close the door.
Some rock shatters into small pieces.
Jorgrun says, "'tis place shall be yer tomb!"
There is a stone staircase leading up here.
Jorgrun casts a spell at you.
Roots burst forth from the earth!
The grasping roots grab you!
You die...
Your body crumbles into a pile of gold.

###########
#.........#
#.........#
+.........#
#.........#
#.....@...# $
#.........#
#.........#
#######.....#
$...l..###g+## #
##..♣WDL+..#
:.#8..DZ♣z#.##
......#####.#
###8z##.....#######


You could see Jorgrun (fast).

Vanquished Creatures
  A frost giant (IceCv)
  A fire dragon (Lair:6)
  3 hydras
  An ogre mage (D:13)
  3 centaur warriors (D:13)
  9 death yaks
  2 catoblepae
  A tengu warrior (D:12)
  7 two-headed ogres
  Urug (Lair:2)
  Sonja (Lair:3)
  7 slime creatures
  A skeletal warrior (D:13)
  A bog body (Lair:2)
  2 lindwurms (Lair:6)
  An orc knight (D:13)
  2 ugly things
  17 elephants
  A wolf spider (Lair:2)
  An oklob plant (Lair:6)
  A manticore (D:11)
  A cyclops (D:12)
  An ice statue (IceCv)
  3 molten gargoyles (Lair:6)
  7 black mambas
  2 gargoyles
  14 cane toads
  2 kobold demonologists (D:10)
  A torpor snail (Lair:6)
  2 unseen horrors (D:7)
  9 rime drakes
  13 komodo dragons
  2 tengu conjurers
  6 polar bears
  A queen bee (Lair:4)
  9 trolls
  3 meliai (Lair:4)
  A jumping spider (Lair:2)
  13 blink frogs
  A meliai zombie (D:11)
  5 dream sheep (Lair:6)
  Sigmund (D:3)
  A shadow (D:11)
  A redback (Lair:2)
  3 wraiths
  9 wyverns
  A vampire (D:12)
  43 yaks
  6 basilisks
  2 steam dragons
  A vampire mosquito (D:7)
  2 acid dragons
  4 hell hounds (Lair:6)
  19 water moccasins
  6 orc warriors
  An ice beast (D:3)
  4 black bears
  A sky beast (D:8)
  4 ogres
  14 wolves
  13 centaurs
  A phantom (D:5)
  21 bullfrogs
  A gnoll sergeant (D:12)
  2 water moccasin skeletons (D:7)
  A wyvern skeleton (D:7)
  26 killer bees
  4 howler monkeys
  11 wights
  2 electric eels (Lair:4)
  3 lava snakes (Lair:6)
  A bullfrog zombie (D:7)
  4 centaur zombies
  5 hounds
  A bullfrog skeleton (D:5)
  2 gnoll shamans
  9 orc priests
  2 jellies
  Crazy Yiuf (D:2)
  5 centaur skeletons
  4 iguanas
  11 orc wizards
  6 hell rats
  A killer bee zombie (D:8)
  A hound skeleton (D:4)
  Robin (D:1)
  A howler monkey zombie (D:11)
  7 adders
  13 gnolls
  A howler monkey skeleton (D:7)
  4 shadow imps
  A white imp (D:7)
  An ufetubus (D:5)
  5 worms
  3 dart slugs (D:1)
  41 orcs
  3 ball pythons
  9 bats
  9 endoplasms
  5 giant cockroaches
  14 goblins
  7 hobgoblins
  2 jackals (D:1)
  A quokka (D:2)
  3 frilled lizards (D:2)
  A goblin skeleton (D:6)
  2 hobgoblin zombies (D:6)
  5 kobolds
  An orc skeleton (D:6)
  2 orc zombies (D:6)
  4 rats (D:1)
  2 butterflies (Lair:5)
  2 fulminant prisms
571 creatures vanquished.

Vanquished Creatures (others)
  A killer bee (D:7)
  72 fulminant prisms
  49 fungi
  43 plants
165 creatures vanquished.

Grand Total: 736 creatures vanquished

Notes
Turn   | Place    | Note
-------+----------+-------------------------------------------
     0 | D:1      | night the Deep Elf Conjurer began the quest for the Orb.
     0 | D:1      | Reached XP level 1. HP: 10/10 MP: 6/6
   301 | D:1      | Reached XP level 2. HP: 15/15 MP: 5/8
   304 | D:1      | Learned a level 2 spell: Searing Ray
   736 | D:1      | Found a faded altar of an unknown god.
  1064 | D:2      | Reached XP level 3. HP: 20/20 MP: 6/10
  1151 | D:1      | Reached skill level 4 in Spellcasting
  1362 | D:2      | Reached skill level 5 in Conjurations
  1372 | D:2      | Noticed Robin
  1381 | D:1      | Killed Robin
  1382 | D:1      | Reached skill level 1 in Fighting
  1550 | D:1      | Reached XP level 4. HP: 8/25 MP: 6/12
  1800 | D:1      | Learned a level 3 spell: Stone Arrow
  2716 | D:2      | Found a runed translucent door.
  2717 | D:2      | Noticed Crazy Yiuf
  2815 | D:2      | Killed Crazy Yiuf
  3051 | D:3      | Found a transporter.
  3061 | D:3      | Noticed an ice beast
  3071 | D:3      | Killed an ice beast
  3072 | D:3      | Reached skill level 5 in Spellcasting
  3072 | D:3      | Reached skill level 1 in Earth Magic
  3072 | D:3      | Reached XP level 5. HP: 29/29 MP: 4/14
  3211 | D:3      | Found a transporter.
  3512 | D:3      | Noticed Sigmund
  3517 | D:3      | Killed Sigmund
  3518 | D:3      | Reached skill level 6 in Spellcasting
  3518 | D:3      | Reached skill level 2 in Earth Magic
  3518 | D:3      | Reached XP level 6. HP: 35/35 MP: 9/17
  4026 | D:3      | Reached skill level 2 in Fighting
  4137 | D:4      | HP: 4/35 [ogre (6)]
  4144 | D:4      | Reached XP level 7. HP: 6/40 MP: 12/18
  4621 | D:4      | Reached skill level 7 in Spellcasting
  4899 | D:4      | Learned a level 4 spell: Iskenderun's Mystic Blast
  5493 | D:5      | Entered Level 5 of the Dungeon
  5569 | D:5      | Reached XP level 8. HP: 35/45 MP: 11/21
  5660 | D:5      | Reached skill level 8 in Spellcasting
  5809 | D:5      | Found a staircase to the Ecumenical Temple.
  5836 | Temple   | Entered the Ecumenical Temple
  5866 | Temple   | Became a worshipper of Gozag Ym Sagoz the Greedy
  6506 | D:5      | You fall into a shaft and drop 3 floors!
  6694 | D:6      | Found a glowing golden altar of the Shining One.
  6714 | D:6      | Reached skill level 9 in Spellcasting
  7011 | D:6      | Reached XP level 9. HP: 44/52 MP: 3/24
  7610 | D:5      | Found a sparkling altar of Nemelex Xobeh.
  7810 | D:5      | Learned a level 4 spell: Fulminant Prism
  8501 | D:7      | Reached skill level 10 in Spellcasting
  8501 | D:7      | Reached skill level 5 in Earth Magic
  8504 | D:7      | Reached skill level 1 in Hexes
  8560 | D:7      | Reached skill level 2 in Hexes
  9019 | D:7      | Found a basalt altar of Yredelemnul.
  9786 | D:7      | HP: 5/52 [something (9)]
  9786 | D:7      | Killed an unseen horror
  9787 | D:7      | Reached skill level 11 in Spellcasting
  9787 | D:7      | Reached skill level 10 in Conjurations
 10183 | D:7      | Found a glowing silver altar of Zin.
 10247 | D:7      | Killed an unseen horror
 10248 | D:7      | Reached XP level 10. HP: 25/58 MP: 10/27
 10690 | D:7      | Got the Incunabulum of Captivating Conjuration
 10709 | D:7      | Learned a level 5 spell: Bolt of Magma
 10990 | D:8      | Found an ornate altar of the Wu Jian Council.
 10990 | D:8      | Found an iron altar of Okawaru.
 11245 | D:8      | Noticed a gargoyle
 11373 | D:8      | Killed a gargoyle
 11374 | D:8      | Reached skill level 5 in Fighting
 11917 | D:9      | Reached skill level 12 in Spellcasting
 11917 | D:9      | Reached skill level 5 in Hexes
 12925 | D:10     | Entered Level 10 of the Dungeon
 13190 | D:10     | Reached XP level 11. HP: 60/64 MP: 11/29
 13617 | D:10     | Found a staircase to the Lair.
 13932 | Lair:1   | Entered Level 1 of the Lair of Beasts
 13999 | Lair:1   | Reached skill level 13 in Spellcasting
 14179 | Lair:1   | Noticed a six-headed hydra
 14185 | Lair:1   | Killed a six-headed hydra
 14518 | Lair:1   | Reached skill level 12 in Conjurations
 14914 | Lair:2   | Noticed Urug
 14921 | Lair:2   | Killed Urug
 15144 | Lair:2   | Reached skill level 1 in Shields
 15350 | Lair:2   | Reached skill level 14 in Spellcasting
 15605 | Lair:2   | Found a hole to the Spider Nest.
 15605 | Lair:2   | Noticed a wolf spider
 15610 | Lair:2   | Reached skill level 2 in Shields
 15613 | Lair:2   | Killed a wolf spider
 15614 | Lair:2   | Reached XP level 12. HP: 13/71 MP: 12/32
 15614 | Lair:2   | HP: 10/71 [poisoned by a wolf spider]
 16005 | Lair:2   | Identified the ring of Mokheow {rPois rN++ Int-5}
 16136 | Lair:2   | Found a staircase to the Swamp.
 16254 | Lair:2   | Found a transporter.
 16256 | Lair:2   | Found a transporter.
 16275 | Lair:2   | Noticed Siem's ghost (journeyman OpCj)
 16859 | Lair:3   | Noticed Sonja
 16861 | Lair:3   | Killed Sonja
 17220 | Lair:3   | Noticed a death yak
 17226 | Lair:3   | Killed a death yak
 17691 | Lair:4   | Reached skill level 15 in Spellcasting
 18574 | Lair:4   | Noticed a death yak
 18575 | Lair:4   | Noticed a death yak
 18578 | Lair:4   | Noticed a death yak
 18587 | Lair:4   | Killed a death yak
 18604 | Lair:4   | Killed a death yak
 18605 | Lair:4   | Reached XP level 13. HP: 72/76 MP: 3/34
 19260 | Lair:5   | Found a frozen archway.
 19283 | IceCv    | Entered an ice cave
 19339 | IceCv    | Reached skill level 14 in Conjurations
 19788 | IceCv    | HP: 7/76 [something] (18)]
 19885 | IceCv    | Reached skill level 16 in Spellcasting
 20706 | IceCv    | Reached skill level 10 in Earth Magic
 20796 | IceCv    | Noticed a frost giant
 20877 | IceCv    | Killed a frost giant
 21074 | IceCv    | Got Dozes's Grimoire of the Glacier
 21174 | Lair:5   | Upgraded the game from 0.27-a0-1565-gad902ab807 to
                  | 0.27-a0-1591-gc56fcc985a
 21492 | Lair:5   | Found a staircase to the Slime Pits.
 21918 | Lair:5   | Found a transporter.
 21927 | Lair:5   | Noticed PeterLawrence's ghost (journeyman MiFi)
 21936 | Lair:5   | Found a transporter.
 22151 | Lair:6   | Entered Level 6 of the Lair of Beasts
 22455 | Lair:6   | Reached XP level 14. HP: 84/84 MP: 18/36
 22617 | Lair:6   | Reached skill level 17 in Spellcasting
 23270 | Lair:6   | Found a large runed translucent door.
 23272 | Lair:6   | Found a large runed translucent door.
 25377 | Lair:6   | HP: 4/84 [acid (14)]
 26068 | Lair:6   | Reached skill level 16 in Conjurations
 26078 | Lair:6   | Got the Compendium of Stones and Ice
 26533 | D:11     | Found a staircase to the Orcish Mines.
 26671 | D:11     | Found Viynoudi's Distillery.
 26676 | D:11     | Found Legin's Antique Armour Emporium.
 26702 | D:11     | Bought a dazzling leather armour for 210 gold pieces
 26702 | D:11     | Identified the +0 leather armour "Kodonn" {+Blink Will++
                  | Str+4 Dex-3} (You bought it in a shop on level 11 of the
                  | Dungeon)
 27911 | D:12     | Found a gate leading to a gauntlet.
 27947 | D:12     | Identified the +4 helmet "Ezaciuwk" {Harm rF+ rCorr}
 29075 | D:13     | Reached XP level 15. HP: 52/90 MP: 27/38
 30041 | D:13     | Reached skill level 12 in Earth Magic
 30422 | D:13     | Reached skill level 18 in Spellcasting
 30704 | D:13     | Found a gate to the Vaults.
 30794 | D:14     | Found a runed translucent door.
 30794 | D:14     | Noticed a storm dragon
 30796 | D:14     | Noticed a lich
 30796 | D:14     | Found a runed translucent door.
 30809 | D:14     | Noticed Bebiodoess's ghost (journeyman DsBe)
 30860 | D:14     | Found a stormy altar of Qazlal.
 30884 | D:14     | Noticed Jorgrun
 30917 | D:14     | HP: 13/91 [Jorgrun (8)]
 30925 | D:14     | Slain by Jorgrun

Illustrated notes

Levels and vault maps discovered:
D:1:      wander_arrival_peaceful_grave, layout_loops_ring,
          hellmonk_ecumenical_altar_blasted
D:2:      layout_loops_cross, grunt_decor_junction,
          hangedman_abyss_or_decor_lesser_grid, uniq_robin,
          uniq_crazy_yiuf_cottage
D:3:      gammafunk_wand_slinger, layout_basic, wad_floor_pattern_1,
          uniq_sigmund
D:4:      layout_loops_cross, cheibrodos_sewer_entry_bend
D:5:      layout_basic, nemelex_spade_bored_becter, minmay_temple_entry_tees,
          minivault_4, grunt_ministairs_5, kennysheep_generic_room_11
D:6:      layout_basic, nicolae_tso_besieged_by_evil
D:7:      minmay_the_grid_square_5x5_3x3
          [minmay_the_grid_square_5x5_checkered_statues,
          minmay_the_grid_square_5x5_tie, minmay_the_grid_square_5x5_detours,
          minmay_the_grid_square_5x5_three_small,
          minmay_the_grid_square_5x5_megaprize_checkered,
          minmay_the_grid_square_5x5_shrine2, minmay_the_grid_square_5x5_corner,
          minmay_the_grid_square_5x5_tetrominoes,
          minmay_the_grid_square_5x5_fancy_junction], layout_basic,
          kennysheep_little_box, yredelemnul_altar_generic, lemuel_old_faithful
D:8:      layout_basic, gammafunk_temple_overflow_elements, hex_large
D:9:      layout_basic
D:10:     layout_small_grid, lair_entry_dummy
D:11:     layout_layer_cave, david_orc_5, serial_shops, shop, shop
D:12:     layout_rooms, gauntlet_entry_generic, serial_co_window_serial,
          co_window_corner_a, co_window_paths_a, co_window_corner_a,
          co_window_paths_a, co_window_corner_a, co_window_paths_b,
          co_window_paths_a, co_window_broadway_a, co_window_of_opportunity_b,
          co_window_2corner, co_window_paths_d, glass_columns_a,
          glass_columns_b, glass_columns_a
D:13:     layout_basic, hangedman_vaults_entry_quadrant_bands,
          grunt_ministairs_7
D:14:     layout_roguey, muffindrake_ghost_dual_entry,
          nicolae_qazlal_general_emergency, special_room [special_room_orc],
          uniq_jorgrun, uniq_kirke
Temple:   lightli_temple_of_artemis
Lair:1:   layout_roguey, guppyfry_lair_drakes
Lair:2:   layout_regular_city, skrybe_swamp_entry_bodies,
          spider_nest_entry_funnel_web, gammafunk_ghost_hive, uniq_urug
Lair:3:   layout_loops_ring, beast_lair_carwin_9, uniq_sonja
Lair:4:   layout_roguey [special_room_bee], serial_bayou_shore_a,
          lemuel_fruit_tree, lemuel_fruit_fields
Lair:5:   layout_roguey, slime_dummy, portal_ice_cave_entry_pillars_1,
          gammafunk_ghost_berserking_beasts, grunt_megastairs_1,
          lemuel_fruit_fields
Lair:6:   cheibrodos_lair_end_hotspot, layout_cave_pods,
          gammafunk_ghost_necromancy, nicolae_volcano_entry_vermiform,
          dpeg_oklob_1

Skill      XL: |  1  2  3  4  5  6  7  8  9 10 11 12 13 14 15 |
---------------+----------------------------------------------+-----
Spellcasting   | 4 5 6 7 9 11 12 14 15 16 17 18 | 18.0
Conjurations   | 5 6 7 8 10 11 12 13 15 16 | 16.9
Fighting       | 1 2 3 4 5 6 7 8 9 |  9.5
Earth Magic    | 1 2 3 4 5 7 8 9 10 11 12 | 12.0
Hexes          | 3 5 |  5.0
Shields        | 2 3 4 |  4.0
Dodging        | |  2.4
Stealth        | |  2.4

Action                   |  1- 3 |  4- 6 |  7- 9 | 10-12 | 13-15 || total
-------------------------+-------+-------+-------+-------+-------++-------
Melee: Dagger            |     6 |       |       |       |       ||     6
       Hand axe          |       |     1 |    37 |    38 |       ||    76
       Scimitar          |       |       |       |    24 |    39 ||    63
 Cast: Magic Dart        |    38 |    55 |    68 |    27 |    22 ||   210
       Searing Ray       |     8 |     9 |    17 |    17 |     5 ||    56
       Stone Arrow       |       |     1 |    72 |   131 |   272 ||   476
       Iskenderun's Myst |       |       |     2 |    67 |    62 ||   131
       Fulminant Prism   |       |       |     7 |    21 |    46 ||    74
       Bolt of Magma     |       |       |       |    27 |    65 ||    92
Invok: Potion Petition   |       |       |       |       |     1 ||     1
Evoke: Wand              |       |     3 |       |       |     8 ||    11
  Use: Scroll            |       |     7 |     7 |     5 |     7 ||    26
       Potion            |       |       |       |     1 |     5 ||     6
 Stab: Sleeping          |       |     1 |       |     1 |       ||     2
       Distracted        |       |       |       |     1 |       ||     1
Armor: Robe              |     6 |     3 |    41 |    49 |    53 ||   152
Dodge: Dodged            |    17 |       |    49 |   135 |   141 ||   342
Block: Buckler           |       |       |       |    20 |    41 ||    61
       Rpst.: Scimitar   |       |       |       |    18 |    23 ||    41

Table legend: (Time is in decaauts)
 A = Elapsed time spent in this place.
 B = Non-inter-level travel time spent in this place.
 C = Inter-level travel time spent in this place.
 D = Time resting spent in this place.
 E = Time spent auto-exploring this place.
 F = Levels seen in this place.
 G = Mean time per level.
                   A        B        C        D        E       F      G
               +--------+--------+--------+--------+--------+-----+--------+
         Total |  31001 |  29733 |   1268 |   7155 |  18417 |  22 | 1409.1 |
       Dungeon |  18592 |  17882 |    710 |   2764 |  13076 |  14 | 1328.0 |
        Temple |     41 |     30 |     11 |      0 |      0 |   1 |   41.0 |
          Lair |  10489 |   9942 |    547 |   3255 |   5020 |   6 | 1748.2 |
      Ice Cave |   1878 |   1878 |      0 |   1136 |    320 |   1 | 1878.0 |
               +--------+--------+--------+--------+--------+-----+--------+

Top non-repeatable levels by time:
  Lair:6: 3925 daAuts
     D:7: 2198 daAuts
    D:13: 1940 daAuts
   IceCv: 1878 daAuts
     D:1: 1769 daAuts
     D:6: 1603 daAuts
  Lair:2: 1561 daAuts
  Lair:4: 1505 daAuts
     D:5: 1473 daAuts
    D:11: 1379 daAuts
     D:4: 1372 daAuts
     D:2: 1262 daAuts
  Lair:1: 1212 daAuts
    D:12: 1171 daAuts
     D:9: 1153 daAuts
